 Dungeon Crawl Stone Soup version 0.31-a0-182-gc5ef74bbde (webtiles) character file.

Game seed: 13614818150034874912

37489 qw the Cleaver (level 13, -9/84 HPs)
             Began as a Gargoyle Fighter on June 20, 2023.
             Was a High Priest of Okawaru.
             Mangled by a dire elephant (25 damage)
             ... on level 5 of the Lair of Beasts.
             The game lasted 00:07:56 (16029 turns).

qw the Cleaver (Gargoyle Fighter)                  Turns: 16029, Time: 00:07:57

Health: -9/84      AC: 33    Str: 24    XL:     13   Next: 97%
Magic:  19/20      EV:  9    Int: 10    God:    Okawaru [*****.]
Gold:   884        SH:  6    Dex:  9    Spells: 12/12 levels left

rFire   . . .        h - +4 broad axe (vamp)
rCold   . . .        c - +0 buckler
rNeg    + . .        i - +0 plate armour
rPois   inf          j - +2 helmet
rElec   +            a - +0 cloak
rCorr   .            (no gloves)
SInv    .            l - +0 pair of boots
Will    .....        r - amulet of faith Stlth
                     (no ring)
HPRegen 0.34/turn    (no ring)
MPRegen 0.17/turn

%: faith
@: about to teleport, heroic, very slow
A: sickness immunity, AC +9, negative energy resistance 1, electricity
resistance, torment resistance 1, petrification resistance, mutation resistance
1
a: Renounce Religion, Heroism, Finesse, Duel


You were on level 5 of the Lair of Beasts.
You worshipped Okawaru.
Okawaru was extremely pleased with you.
You visited 2 branches of the dungeon, and saw 14 of its levels.
You also visited: Ossuary.

You collected 884 gold pieces.


Innate Abilities, Weirdness & Mutations

You are immune to sickness and miasma.
Your stone body is resilient. (AC +9)
You are immune to poison.
You resist negative energy. (rN+)
You are resistant to electric shocks. (rElec)
You are resistant to unholy torment.
You are immune to petrification.
You are somewhat resistant to further mutation.


   Skills:
 - Level 11.0(16.0) Fighting
 - Level 14.6(19.6) Axes
 + Level 3.4(8.4) Throwing
 - Level 10.5(15.5) Armour
 - Level 3.0(8.0) Dodging
 - Level 7.0(12.0) Shields
 - Level 10.0 Invocations


You had 12 spell levels left.
You didn't know any spells.
Your spell library was empty.

Inventory:

Hand Weapons
 b - the +6 flail of Laceration {elec, rN+ Str+4 Dex+3}
   (You found it on level 1 of the Lair of Beasts)

   Str:       It affects your strength (+4).
   Dex:       It affects your dexterity (+3).
   rN:        It protects you from negative energy.
 h - a +4 vampiric broad axe (weapon)
 v - a +2 hand axe of freezing
Missiles
 z - 3 javelins (quivered)
Armour
 a - a +0 cloak (worn)
 c - a +0 buckler (worn)
 e - +0 acid dragon scales
 i - a +0 plate armour (worn)
 j - a +2 helmet (worn)
 l - a +0 pair of boots (worn)
Jewellery
 r - an amulet of faith (around neck)
 s - an amulet of reflection
 y - a ring of ice
 A - a +6 ring of strength
Wands
 w - a wand of digging (4)
Scrolls
 p - 9 scrolls of identify
 q - 2 scrolls of teleportation
Potions
 d - a potion of might
 f - a potion of lignification
 g - 2 potions of magic
 k - 3 potions of cancellation
 m - 3 potions of mutation
 n - 2 potions of attraction
 o - 2 potions of enlightenment
 t - a potion of heal wounds
 u - a potion of haste
 x - 2 potions of curing

Dungeon Overview and Level Annotations

Branches:
Dungeon (9/15)             Temple (0/1) D:7            Lair (5/5) D:9
 Shoals (0/4) Lair:3        Snake (0/4) Lair:2      Ossuary (visited)
  Slime: Lair:4-5       Orc: D:9-12

Altars:
Ashenzari
Cheibriados
Dithmenos
Hepliaklqana
Okawaru
Qazlal
Ru
Sif Muna
Trog
Uskayaw
Vehumet
Wu Jian
Zin
The Shining One

Annotations:
D:9 exclusions: centaur and 2 yaks
Lair:4 2 transporters, qw's ghost, journeyman NaHu


Message History

The dire elephant tramples you.
You hold your ground!
The dire elephant trunk-slaps you but does no damage.
You hit the dire elephant but do no damage.
The dire elephant is heavily wounded.
You barely miss the dire elephant. The dire elephant tramples you.
You hold your ground!
The dire elephant splashes around in the water.
Your unstable footing causes you to fumble your attack.
You block the dire elephant's attack.
The dire elephant trunk-slaps you but does no damage.
The dire elephant tramples you but does no damage.
The dire elephant splashes around in the water.
You hit the dire elephant but do no damage.
The dire elephant is moderately wounded.
You hit the dire elephant but do no damage.
The necromancer mumbles some strange words.
The necromancer binds the souls of nearby monsters.
The dire elephant tramples you but does no damage.
The dire elephant completely misses you.
The dire elephant tramples you.
You hold your ground!
The dire elephant trunk-slaps you but does no damage.
You hit the dire elephant but do no damage.
The dire elephant is moderately wounded.
You completely miss the dire elephant. You slash the dire elephant!
You hit the dire elephant but do no damage.
The dire elephant is moderately wounded.
You slash the dire elephant!
You feel better.
You hit the dire elephant but do no damage.
The dire elephant tramples you!
You hold your ground!
The dire elephant trunk-slaps you but does no damage.
The dire elephant tramples you!
You hold your ground!
The dire elephant splashes around in the water.
The dire elephant tramples you!!
You hold your ground!
The dire elephant trunk-slaps you.
16029 ||| READING 3 scrolls of teleportation.
As you read the scroll of teleportation, it crumbles to dust.
You feel strangely unstable.
The dire elephant's soul is no longer bound.
The dire elephant tramples you!!
You die...

########.#.###....
#8=(8##8.#...P....
#P$$.#8P.'........
#....#P}.'........
#....#8P.'........
#8..8##8.#.##....#
#p'####.#......##
##Y~~P##.#.#....#.
#@Y~~~.#.#.#P....#
#~Y~~~~#.#.#...%P.
#..~~~##.#........
##.P.~#..#......#.
##'####.##........
#8.8#P..#7........
###.}.#.###.........
##.#..##.##P.#...?#.#
##..'..#P.##..#.......


You could see 3 dire elephants and a necromancer.

Vanquished Creatures
  6 hydras
  Erica (D:8)
  A catoblepas (Lair:5)
  A two-headed ogre (D:9)
  8 death yaks
  A skyshark (Lair:5)
  A spectral anaconda (Lair:5)
  2 lindwurms (Lair:4)
  A black mamba (Lair:5)
  10 elephants
  2 merfolk sirens (Lair:3)
  15 cane toads
  Maggie (D:8)
  2 rime drakes
  14 komodo dragons
  A freezing wraith (D:9)
  2 merfolk (Lair:3)
  4 polar bears
  A spectral elephant (Lair:5)
  2 hornets
  6 blink frogs
  A shadow (D:9)
  3 wyverns
  A wraith (D:9)
  A basilisk (Lair:5)
  3 fire bats (Lair:5)
  19 yaks
  A fire elemental (Lair:5)
  3 steam dragons
  4 nagas (Lair:2)
  2 acid dragons (D:9)
  10 water moccasins
  4 orc warriors
  An elephant zombie (Lair:5)
  2 sky beasts (D:8)
  An ogre (D:5)
  11 bullfrogs
  A gnoll sergeant (D:7)
  A scorpion (D:6)
  6 wights (D:8)
  An electric eel (D:9)
  A howler monkey (D:8)
  3 hounds
  5 orc priests
  A gnoll bouda (D:4)
  2 jellies
  Natasha (thrice) (D:4)
  A sleepcap (D:6)
  Ijyb (D:3)
  Terence (D:2)
  5 iguanas
  11 orc wizards
  Robin (D:4)
  11 gnolls
  7 adders
  A shadow imp (D:7)
  2 white imps
  A worm (D:2)
  2 dart slugs
  41 orcs
  5 ball pythons
  6 endoplasms
  5 giant cockroaches
  11 goblins
  7 hobgoblins
  11 jackals
  6 quokkas
  6 bats
  4 frilled lizards
  5 hobgoblin zombies (Ossuary)
  3 kobolds
  5 kobold zombies (Ossuary)
  10 orc zombies (Ossuary)
  6 rats
348 creatures vanquished.

Notes
Turn   | Place    | Note
-------+----------+-------------------------------------------
     0 | D:1      | qw the Gargoyle Fighter began the quest for the Orb.
     0 | D:1      | Reached XP level 1. HP: 14/14 MP: 1/1
     0 | D:1      | 0 ||| qw: Version: 0.3-a-9-g12657ce
     0 | D:1      | 0 ||| qw: Game counter: 1382
     0 | D:1      | 0 ||| qw: Always use a shield: true
     0 | D:1      | 0 ||| qw: God list: Okawaru
     0 | D:1      | 0 ||| qw: Allow faded altars: false
     0 | D:1      | 0 ||| qw: Do Orc after D:15 true
     0 | D:1      | 0 ||| qw: Do second Lair branch before Depths: true
     0 | D:1      | 0 ||| qw: Lair rune preference: random
     0 | D:1      | 0 ||| qw: Plans: Normal, Zot:1-4, Slime:5, God:TSO, Crypt,
                  | Tomb, Abyss, Pan, Hells, Win
     0 | D:1      | 0 ||| PLANNING D:1-11
   362 | D:1      | Reached skill level 2 in Axes
   460 | D:1      | Found a faded altar of an unknown god.
   519 | D:1      | Reached XP level 2. HP: 19/19 MP: 2/2
   777 | D:1      | 777 ||| DROPPING +0 mace.
   955 | D:1      | 955 ||| READING scroll labelled HUCVOWK BOANG.
   956 | D:1      | 956 ||| READING 3 scrolls labelled ZUOTOTZ MOJUY.
   961 | D:1      | 961 ||| READING scroll labelled HUNAUP TAOTRES.
  1003 | D:2      | 1003 ||| Stepping ~*~*~tactically~*~*~ (hiding).
  1011 | D:2      | Reached skill level 3 in Axes
  1229 | D:2      | Reached XP level 3. HP: 23/23 MP: 3/3
  1333 | D:2      | 1333 ||| Stepping ~*~*~tactically~*~*~ (stealth).
  1772 | D:2      | 1772 ||| Stepping ~*~*~tactically~*~*~ (hiding).
  1781 | D:2      | Reached XP level 4. HP: 20/28 MP: 4/4
  1787 | D:2      | Reached skill level 4 in Axes
  1972 | D:2      | Noticed Terence
  1985 | D:2      | HP: 7/28 [Terence/+0 mace (1)]
  1986 | D:2      | 1986 ||| READING 4 scrolls of teleportation.
  1987 | D:2      | Killed Terence
  2454 | D:2      | 2454 ||| UPGRADING to +0 helmet.
  2459 | D:2      | 2459 ||| UPGRADING to +0 pair of boots.
  2464 | D:2      | 2464 ||| READING scroll labelled IMOEPAD KUMN.
  2465 | D:2      | 2465 ||| READING scroll labelled FEKITHU IREICS.
  2466 | D:2      | 2466 ||| DRINKING 2 sedimented silvery potions.
  2472 | D:2      | 2472 ||| DRINKING 2 orange potions.
  2473 | D:2      | 2473 ||| DRINKING 2 murky purple potions.
  2473 | D:2      | Gained mutation: You are somewhat resistant to further
                  | mutation. [potion of mutation]
  2474 | D:2      | 2474 ||| DROPPING potion of ambrosia.
  2504 | D:3      | Found a radiant altar of Vehumet.
  2512 | D:3      | 2512 ||| Stepping ~*~*~tactically~*~*~ (stealth).
  2538 | D:3      | Reached XP level 5. HP: 31/32 MP: 5/5
  2545 | D:3      | 2545 ||| Stepping ~*~*~tactically~*~*~ (stealth).
  2627 | D:3      | 2627 ||| DROPPING +0 flail.
  2652 | D:3      | Reached skill level 5 in Axes
  2718 | D:3      | 2718 ||| FLEEEEING.
  2719 | D:3      | 2719 ||| FLEEEEING.
  2720 | D:3      | 2720 ||| FLEEEEING.
  2725 | D:3      | 2725 ||| FLEEEEING.
  2726 | D:3      | 2726 ||| FLEEEEING.
  2727 | D:3      | 2727 ||| FLEEEEING.
  2728 | D:3      | 2728 ||| FLEEEEING.
  2823 | D:3      | Noticed Ijyb
  2824 | D:3      | 2824 ||| Stepping ~*~*~tactically~*~*~ (hiding).
  2825 | D:3      | 2825 ||| Stepping ~*~*~tactically~*~*~ (hiding).
  2837 | D:3      | Killed Ijyb
  2954 | D:3      | 2954 ||| Stepping ~*~*~tactically~*~*~ (stealth).
  2956 | D:3      | 2956 ||| Stepping ~*~*~tactically~*~*~ (stealth).
  3100 | D:3      | Found a shadowy altar of Dithmenos.
  3230 | D:3      | 3230 ||| DROPPING ring of magical power.
  3231 | D:3      | 3231 ||| DRINKING 3 murky red potions.
  3262 | D:4      | Noticed Natasha
  3273 | D:4      | Killed Natasha
  3274 | D:4      | Reached skill level 1 in Throwing
  3274 | D:4      | Reached XP level 6. HP: 28/38 MP: 6/6
  3319 | D:4      | 3319 ||| UPGRADING to +0 chain mail.
  3329 | D:4      | 3329 ||| DROPPING +0 scale mail.
  3337 | D:4      | 3337 ||| STAIRDANCE
  3406 | D:4      | 3406 ||| Stepping ~*~*~tactically~*~*~ (hiding).
  3436 | D:4      | Noticed Natasha
  3442 | D:4      | Killed Natasha
  3504 | D:4      | Noticed Natasha
  3505 | D:4      | 3505 ||| Stepping ~*~*~tactically~*~*~ (hiding).
  3507 | D:4      | 3507 ||| Stepping ~*~*~tactically~*~*~ (hiding).
  3522 | D:4      | Killed Natasha
  3652 | D:4      | Noticed Robin
  3664 | D:4      | HP: 8/38 [gnoll/+0 spear[a gnoll bouda] (4)]
  3665 | D:4      | 3665 ||| READING 3 scrolls of teleportation.
  3666 | D:4      | 3666 ||| DRINKING 2 potions of heal wounds.
  3784 | D:4      | 3784 ||| Stepping ~*~*~tactically~*~*~ (stealth).
  3785 | D:4      | 3785 ||| Stepping ~*~*~tactically~*~*~ (stealth).
  3793 | D:4      | Killed Robin
  3829 | D:4      | 3829 ||| UPGRADING to amulet of reflection.
  3834 | D:4      | 3834 ||| DROPPING amulet of guardian spirit.
  3835 | D:4      | 3835 ||| READING scroll labelled CANYRI KESI.
  3836 | D:4      | 3836 ||| DRINKING 2 clear potions.
  3844 | D:4      | 3844 ||| STAIRDANCE
  3853 | D:3      | 3853 ||| DRINKING 2 fuming green potions.
  3885 | D:4      | Found a glowing golden altar of the Shining One.
  3915 | D:4      | Found an iron altar of Okawaru.
  3916 | D:4      | 3916 ||| PLANNING OKAWARU WORSHIP
  3920 | D:4      | Became a worshipper of Warmaster Okawaru
  3921 | D:4      | 3921 ||| PLANNING D:1-11
  4020 | D:4      | 4020 ||| READING scroll labelled LORGHE DYAPIS.
  4032 | D:5      | Entered Level 5 of the Dungeon
  4103 | D:5      | 4103 ||| Stepping ~*~*~tactically~*~*~ (hiding).
  4106 | D:5      | Reached skill level 6 in Axes
  4111 | D:5      | Reached skill level 1 in Dodging
  4111 | D:5      | Reached XP level 7. HP: 41/43 MP: 7/7
  4118 | D:5      | 4118 ||| Stepping ~*~*~tactically~*~*~ (hiding).
  4180 | D:5      | 4180 ||| Stepping ~*~*~tactically~*~*~ (hiding).
  4182 | D:5      | 4182 ||| Stepping ~*~*~tactically~*~*~ (hiding).
  4350 | D:5      | HP: 2/43 [ogre/+0 giant spiked club (26)]
  4351 | D:5      | 4351 ||| READING 2 scrolls of teleportation.
  4352 | D:5      | 4352 ||| DRINKING potion of heal wounds.
  4471 | D:5      | Reached skill level 7 in Axes
  4663 | D:5      | Reached * piety under Okawaru
  5106 | D:5      | 5106 ||| READING 3 scrolls labelled KEZAAL ERUUTEE.
  5107 | D:5      | 5107 ||| READING scroll labelled VAOKLYAMOM.
  5108 | D:5      | 5108 ||| DRINKING 2 coppery potions.
  5109 | D:5      | 5109 ||| DROPPING 2 scrolls of poison.
  5245 | D:6      | 5245 ||| INVOKING Heroism.
  5424 | D:6      | Reached skill level 1 in Invocations
  5424 | D:6      | Reached XP level 8. HP: 39/49 MP: 8/8
  5591 | D:6      | 5591 ||| Stepping ~*~*~tactically~*~*~ (stealth).
  5592 | D:6      | 5592 ||| Stepping ~*~*~tactically~*~*~ (stealth).
  5600 | D:6      | 5600 ||| Stepping ~*~*~tactically~*~*~ (hiding).
  5603 | D:6      | 5603 ||| Stepping ~*~*~tactically~*~*~ (hiding).
  5606 | D:6      | 5606 ||| Stepping ~*~*~tactically~*~*~ (hiding).
  5607 | D:6      | 5607 ||| Stepping ~*~*~tactically~*~*~ (hiding).
  5608 | D:6      | 5608 ||| Stepping ~*~*~tactically~*~*~ (hiding).
  5609 | D:6      | 5609 ||| Stepping ~*~*~tactically~*~*~ (hiding).
  5985 | D:6      | 5985 ||| Stepping ~*~*~tactically~*~*~ (hiding).
  6231 | D:6      | 6231 ||| UPGRADING to +0 cloak.
  6236 | D:6      | 6236 ||| READING 3 scrolls of identify.
  6236 | D:6      | 6236 ||| IDENTIFYING silvery potion
  6237 | D:6      | 6237 ||| READING 2 scrolls of identify.
  6237 | D:6      | 6237 ||| IDENTIFYING fizzy inky potion
  6238 | D:6      | 6238 ||| DROPPING potion of degeneration.
  6283 | D:7      | 6283 ||| PLANNING OSSUARY
  6307 | D:7      | 6307 ||| Stepping ~*~*~tactically~*~*~ (hiding).
  6308 | D:7      | 6308 ||| Stepping ~*~*~tactically~*~*~ (hiding).
  6309 | D:7      | 6309 ||| Stepping ~*~*~tactically~*~*~ (hiding).
  6310 | D:7      | 6310 ||| Stepping ~*~*~tactically~*~*~ (hiding).
  6312 | D:7      | 6312 ||| INVOKING Heroism.
  6320 | D:7      | Reached skill level 3 in Invocations
  6341 | D:7      | Found a sand-covered staircase.
  6346 | Ossuary  | Entered an ossuary
  6353 | Ossuary  | 6353 ||| Stepping ~*~*~tactically~*~*~ (stealth).
  6454 | Ossuary  | 6454 ||| Stepping ~*~*~tactically~*~*~ (stealth).
  6456 | Ossuary  | 6456 ||| Stepping ~*~*~tactically~*~*~ (stealth).
  6530 | D:7      | 6530 ||| PLANNING D:1-11
  6551 | D:7      | 6551 ||| Stepping ~*~*~tactically~*~*~ (hiding).
  6568 | D:7      | 6568 ||| DRINKING potion of curing.
  6568 | D:7      | 6568 ||| (to cure confusion)
  6682 | D:7      | Found a staircase to the Ecumenical Temple.
  6989 | D:7      | 6989 ||| Stepping ~*~*~tactically~*~*~ (hiding).
  7130 | D:7      | Found an ornate altar of the Wu Jian Council.
  7132 | D:7      | Found a glowing silver altar of Zin.
  7132 | D:7      | Found a stormy altar of Qazlal.
  7136 | D:7      | Found a hazy altar of Hepliaklqana.
  7137 | D:7      | Found a broken altar of Ashenzari.
  7138 | D:7      | Found a shimmering blue altar of Sif Muna.
  7202 | D:7      | 7202 ||| INVOKING Heroism.
  7213 | D:7      | Reached skill level 8 in Axes
  7494 | D:7      | 7494 ||| READING scroll labelled BOT GAYPAOZXOO.
  7527 | D:7      | 7527 ||| READING scroll labelled HETOGAMYQA.
  7553 | D:8      | Noticed a wyvern
  7559 | D:8      | 7559 ||| INVOKING Heroism.
  7565 | D:8      | Killed a wyvern
  7566 | D:8      | Reached skill level 6 in Fighting
  7566 | D:8      | Reached XP level 9. HP: 35/55 MP: 9/12
  7628 | D:8      | 7628 ||| Stepping ~*~*~tactically~*~*~ (stealth).
  7629 | D:8      | 7629 ||| INVOKING Heroism.
  7675 | D:8      | Found a snail-covered altar of Cheibriados.
  7676 | D:8      | 7676 ||| Stepping ~*~*~tactically~*~*~ (hiding).
  7679 | D:8      | 7679 ||| INVOKING Heroism.
  7681 | D:8      | 7681 ||| Stepping ~*~*~tactically~*~*~ (hiding).
  7778 | D:8      | Noticed Maggie
  7786 | D:8      | 7786 ||| INVOKING Heroism.
  7796 | D:8      | HP: 2/55 [Maggie/bolt of fire (25)]
  7797 | D:8      | 7797 ||| READING scroll of teleportation.
  7798 | D:8      | 7798 ||| DRINKING 2 potions of heal wounds.
  7799 | D:8      | Killed Maggie
  7800 | D:8      | Reached skill level 9 in Axes
  7968 | D:8      | 7968 ||| Stepping ~*~*~tactically~*~*~ (hiding).
  8029 | D:8      | 8029 ||| Stepping ~*~*~tactically~*~*~ (stealth).
  8033 | D:8      | 8033 ||| INVOKING Heroism.
  8069 | D:8      | Found a sacrificial altar of Ru.
  8138 | D:8      | 8138 ||| SWAPPING to +4 broad axe of flaming.
  8139 | D:8      | 8139 ||| DROPPING +0 heavy morningstar.
  8140 | D:8      | 8140 ||| DROPPING +0 war axe.
  8176 | D:8      | 8176 ||| Stepping ~*~*~tactically~*~*~ (stealth).
  8180 | D:8      | 8180 ||| Stepping ~*~*~tactically~*~*~ (stealth).
  8186 | D:8      | 8186 ||| Stepping ~*~*~tactically~*~*~ (stealth).
  8206 | D:8      | 8206 ||| INVOKING Heroism.
  8273 | D:8      | Reached ** piety under Okawaru
  8298 | D:8      | Noticed Erica
  8299 | D:8      | 8299 ||| Stepping ~*~*~tactically~*~*~ (hiding).
  8303 | D:8      | 8303 ||| INVOKING Heroism.
  8311 | D:8      | Killed Erica
  8312 | D:8      | Reached skill level 10 in Axes
  8312 | D:8      | Reached XP level 10. HP: 57/63 MP: 11/13
  8346 | D:8      | Found a bloodstained altar of Trog.
  8537 | D:8      | 8537 ||| DROPPING orb of energy.
  8538 | D:8      | 8538 ||| UPGRADING to +0 plate armour.
  8548 | D:8      | 8548 ||| DROPPING +0 chain mail.
  8549 | D:8      | 8549 ||| READING 2 scrolls of identify.
  8549 | D:8      | 8549 ||| IDENTIFYING sedimented grey potion
  8575 | D:9      | 8575 ||| INVOKING Heroism.
  8582 | D:9      | 8582 ||| Stepping ~*~*~tactically~*~*~ (stealth).
  8617 | D:9      | 8617 ||| FLEEEEING.
  8618 | D:9      | 8618 ||| FLEEEEING.
  8619 | D:9      | 8619 ||| FLEEEEING.
  8620 | D:9      | 8620 ||| FLEEEEING.
  8621 | D:9      | 8621 ||| FLEEEEING.
  8622 | D:9      | 8622 ||| FLEEEEING.
  8623 | D:9      | 8623 ||| FLEEEEING.
  8624 | D:9      | 8624 ||| FLEEEEING.
  8625 | D:9      | 8625 ||| STAIRDANCE
  8673 | D:9      | Found a hide-covered altar of Uskayaw.
  8703 | D:9      | 8703 ||| FLEEEEING.
  8709 | D:9      | 8709 ||| FLEEEEING.
  8710 | D:9      | 8710 ||| FLEEEEING.
  8711 | D:9      | 8711 ||| FLEEEEING.
  8712 | D:9      | 8712 ||| FLEEEEING.
  8713 | D:9      | 8713 ||| FLEEEEING.
  8718 | D:9      | 8718 ||| FLEEEEING.
  8719 | D:9      | 8719 ||| FLEEEEING.
  8720 | D:9      | 8720 ||| FLEEEEING.
  8728 | D:9      | 8728 ||| INVOKING Heroism.
  8846 | D:9      | Reached skill level 6 in Armour
  8887 | D:9      | 8887 ||| Stepping ~*~*~tactically~*~*~ (hiding).
  8889 | D:9      | 8889 ||| Stepping ~*~*~tactically~*~*~ (hiding).
  8896 | D:9      | 8896 ||| INVOKING Heroism.
  9095 | D:9      | 9095 ||| Stepping ~*~*~tactically~*~*~ (stealth).
  9104 | D:9      | 9104 ||| INVOKING Heroism.
  9281 | D:9      | 9281 ||| INVOKING Heroism.
  9331 | D:9      | Found a staircase to the Lair.
  9344 | D:9      | 9344 ||| INVOKING Heroism.
  9479 | D:9      | Noticed a two-headed ogre
  9490 | D:9      | 9490 ||| Stepping ~*~*~tactically~*~*~ (hiding).
  9491 | D:9      | 9491 ||| Stepping ~*~*~tactically~*~*~ (hiding).
  9493 | D:9      | 9493 ||| INVOKING Heroism.
  9497 | D:9      | 9497 ||| Stepping ~*~*~tactically~*~*~ (cloud).
  9522 | D:9      | 9522 ||| INVOKING Heroism.
  9541 | D:9      | 9541 ||| UPGRADING to amulet of faith.
  9541 | D:9      | Noticed a deep elf pyromancer
  9542 | D:9      | 9542 ||| UPGRADING to amulet of faith.
  9552 | D:9      | 9552 ||| INVOKING Heroism.
  9553 | D:9      | 9553 ||| READING scroll labelled OLEATARICU.
  9554 | D:9      | 9554 ||| READING 3 scrolls of identify.
  9554 | D:9      | 9554 ||| IDENTIFYING ruby potion
  9604 | D:9      | 9604 ||| DROPPING +0 hand axe.
  9725 | D:9      | Noticed a two-headed ogre
  9726 | D:9      | 9726 ||| INVOKING Heroism.
  9735 | D:9      | Killed a two-headed ogre
  9772 | D:9      | 9772 ||| INVOKING Heroism.
  9788 | D:9      | 9788 ||| Stepping ~*~*~tactically~*~*~ (stealth).
  9802 | D:9      | Reached skill level 11 in Axes
 10070 | D:9      | Noticed a two-headed ogre
 10084 | D:9      | 10084 ||| PLANNING LAIR
 10164 | D:9      | 10164 ||| INVOKING Heroism.
 10279 | D:9      | 10279 ||| DROPPING +0 flail.
 10291 | Lair:1   | Entered Level 1 of the Lair of Beasts
 10329 | Lair:1   | 10329 ||| INVOKING Heroism.
 10343 | Lair:1   | Reached *** piety under Okawaru
 10344 | Lair:1   | Reached XP level 11. HP: 51/68 MP: 12/14
 10425 | Lair:1   | Identified the +6 flail of Laceration {elec, rN+ Str+4
                  | Dex+3}
 10427 | Lair:1   | 10427 ||| DROPPING +1 flail of venom.
 10496 | Lair:1   | 10496 ||| INVOKING Heroism.
 10604 | Lair:1   | 10604 ||| Stepping ~*~*~tactically~*~*~ (stealth).
 10606 | Lair:1   | 10606 ||| Stepping ~*~*~tactically~*~*~ (stealth).
 10615 | Lair:1   | Reached skill level 9 in Fighting
 10728 | Lair:1   | Reached **** piety under Okawaru
 10778 | Lair:1   | 10778 ||| INVOKING Heroism.
 10791 | Lair:1   | Reached ***** piety under Okawaru
 11272 | Lair:1   | 11272 ||| DROPPING ring of wizardry.
 11299 | Lair:2   | 11299 ||| INVOKING Heroism.
 11478 | Lair:2   | Reached skill level 6 in Invocations
 11599 | Lair:2   | Found a staircase to the Snake Pit.
 11607 | Lair:2   | Reached skill level 12 in Axes
 11669 | Lair:2   | 11669 ||| INVOKING Heroism.
 11936 | Lair:2   | Noticed an eight-headed hydra
 11937 | Lair:2   | 11937 ||| INVOKING Heroism.
 11938 | Lair:2   | 11938 ||| INVOKING Finesse.
 11941 | Lair:2   | 11941 ||| SWAPPING to +6 flail of Laceration {elec, rN+
                  | Str+4 Dex+3}.
 11946 | Lair:2   | Killed an eight-headed hydra
 11947 | Lair:2   | 11947 ||| SWAPPING to +4 vampiric broad axe.
 12035 | Lair:2   | Identified the +1 leather armour "Iluqiecy" {+Blink rC+
                  | Int+4}
 12116 | Lair:2   | 12116 ||| INVOKING Heroism.
 12600 | Lair:2   | 12600 ||| READING scroll labelled XINIAGE EGAI.
 12622 | Lair:3   | 12622 ||| INVOKING Heroism.
 12650 | Lair:3   | You fall into a shaft and drop 2 floors!
 12650 | Lair:5   | Entered Level 5 of the Lair of Beasts
 12660 | Lair:5   | 12660 ||| INVOKING Heroism.
 12664 | Lair:5   | Reached skill level 9 in Armour
 12718 | Lair:5   | Noticed a five-headed hydra
 12719 | Lair:5   | 12719 ||| INVOKING Heroism.
 12720 | Lair:5   | 12720 ||| INVOKING Finesse.
 12722 | Lair:5   | Noticed a skyshark
 12723 | Lair:5   | 12723 ||| SWAPPING to +6 flail of Laceration {elec, rN+
                  | Str+4 Dex+3}.
 12727 | Lair:5   | Killed a five-headed hydra
 12728 | Lair:5   | Reached XP level 12. HP: 76/76 MP: 9/17
 12728 | Lair:5   | 12728 ||| SWAPPING to +4 vampiric broad axe.
 12730 | Lair:5   | Noticed a death yak
 12752 | Lair:5   | Killed a death yak
 12752 | Lair:5   | Identified the +4 quick blade of the First Xalams {freeze,
                  | rElec rPois} (Okawaru gifted it to you on level 5 of the
                  | Lair of Beasts)
 12752 | Lair:5   | Received a gift from Okawaru
 12755 | Lair:5   | Killed a skyshark
 12756 | Lair:5   | Reached skill level 6 in Shields
 12756 | Lair:5   | Noticed a death yak
 12772 | Lair:5   | Killed a death yak
 12808 | Lair:5   | Noticed a catoblepas
 12809 | Lair:5   | 12809 ||| INVOKING Heroism.
 12810 | Lair:5   | 12810 ||| INVOKING Finesse.
 12812 | Lair:5   | Noticed a death yak
 12822 | Lair:5   | Killed a catoblepas
 12823 | Lair:5   | Reached skill level 9 in Invocations
 12835 | Lair:5   | Killed a death yak
 12863 | Lair:5   | 12863 ||| INVOKING Heroism.
 12969 | Lair:5   | 12969 ||| Stepping ~*~*~tactically~*~*~ (stealth).
 13003 | Lair:5   | Noticed a six-headed hydra
 13004 | Lair:5   | 13004 ||| INVOKING Heroism.
 13008 | Lair:5   | 13008 ||| SWAPPING to +6 flail of Laceration {elec, rN+
                  | Str+4 Dex+3}.
 13013 | Lair:5   | Killed a six-headed hydra
 13014 | Lair:5   | 13014 ||| SWAPPING to +4 vampiric broad axe.
 13136 | Lair:5   | 13136 ||| INVOKING Heroism.
 13149 | Lair:5   | Received a gift from Okawaru
 13362 | Lair:4   | 13362 ||| INVOKING Heroism.
 13507 | Lair:3   | 13507 ||| INVOKING Heroism.
 13518 | Lair:3   | Reached skill level 13 in Axes
 13537 | Lair:3   | 13537 ||| INVOKING Heroism.
 13548 | Lair:3   | Received a gift from Okawaru
 13553 | Lair:3   | Received a gift from Okawaru
 13554 | Lair:3   | Reached XP level 13. HP: 82/82 MP: 20/20
 13601 | Lair:3   | 13601 ||| Stepping ~*~*~tactically~*~*~ (stealth).
 13604 | Lair:3   | 13604 ||| INVOKING Heroism.
 13605 | Lair:3   | 13605 ||| INVOKING Finesse.
 13661 | Lair:3   | 13661 ||| Stepping ~*~*~tactically~*~*~ (stealth).
 13756 | Lair:3   | 13756 ||| INVOKING Heroism.
 13757 | Lair:3   | 13757 ||| INVOKING Finesse.
 13764 | Lair:3   | 13764 ||| SWAPPING to +6 flail of Laceration {elec, rN+
                  | Str+4 Dex+3}.
 13768 | Lair:3   | Reached skill level 3 in Dodging
 13768 | Lair:3   | 13768 ||| SWAPPING to +4 vampiric broad axe.
 13792 | Lair:3   | 13792 ||| Stepping ~*~*~tactically~*~*~ (stealth).
 14103 | Lair:3   | Found a staircase to the Shoals.
 14109 | Lair:3   | 14109 ||| INVOKING Heroism.
 14113 | Lair:3   | 14113 ||| Stepping ~*~*~tactically~*~*~ (hiding).
 14270 | Lair:3   | Reached skill level 14 in Axes
 14313 | Lair:3   | 14313 ||| READING 8 scrolls of identify.
 14313 | Lair:3   | 14313 ||| IDENTIFYING dark potion
 14314 | Lair:3   | 14314 ||| DROPPING potion of invisibility.
 14391 | Lair:4   | Noticed qw's ghost (journeyman NaHu)
 14402 | Lair:4   | Found a transporter.
 14432 | Lair:4   | Found a transporter.
 14468 | Lair:4   | 14468 ||| Stepping ~*~*~tactically~*~*~ (stealth).
 14469 | Lair:4   | 14469 ||| INVOKING Heroism.
 14481 | Lair:4   | 14481 ||| INVOKING Finesse.
 14597 | Lair:4   | 14597 ||| Stepping ~*~*~tactically~*~*~ (stealth).
 14600 | Lair:4   | 14600 ||| Stepping ~*~*~tactically~*~*~ (hiding).
 14607 | Lair:4   | 14607 ||| INVOKING Heroism.
 14749 | Lair:4   | 14749 ||| Stepping ~*~*~tactically~*~*~ (stealth).
 14750 | Lair:4   | 14750 ||| INVOKING Heroism.
 14887 | Lair:4   | 14887 ||| Stepping ~*~*~tactically~*~*~ (hiding).
 14899 | Lair:4   | 14899 ||| FLEEEEING.
 14906 | Lair:4   | 14906 ||| INVOKING Heroism.
 14979 | Lair:4   | 14979 ||| Stepping ~*~*~tactically~*~*~ (stealth).
 14981 | Lair:4   | 14981 ||| INVOKING Heroism.
 15016 | Lair:4   | 15016 ||| READING scroll of enchant armour.
 15016 | Lair:4   | 15016 ||| ENCHANTING +0 helmet.
 15085 | Lair:4   | 15085 ||| Stepping ~*~*~tactically~*~*~ (stealth).
 15087 | Lair:4   | 15087 ||| Stepping ~*~*~tactically~*~*~ (stealth).
 15136 | Lair:4   | 15136 ||| INVOKING Heroism.
 15385 | Lair:4   | 15385 ||| READING scroll labelled JUPTUE NONWE.
 15446 | Lair:5   | 15446 ||| INVOKING Heroism.
 15455 | Lair:5   | 15455 ||| SWAPPING to +6 flail of Laceration {elec, rN+
                  | Str+4 Dex+3}.
 15463 | Lair:5   | HP: 13/84 [seven-headed hydra (11)]
 15464 | Lair:5   | 15464 ||| READING 4 scrolls of teleportation.
 15465 | Lair:5   | 15465 ||| DRINKING 3 potions of heal wounds.
 15466 | Lair:5   | 15466 ||| DRINKING 2 potions of heal wounds.
 15467 | Lair:5   | Received a gift from Okawaru
 15470 | Lair:5   | 15470 ||| SWAPPING to +4 vampiric broad axe.
 15595 | Lair:5   | 15595 ||| INVOKING Heroism.
 15600 | Lair:5   | 15600 ||| SWAPPING to +6 flail of Laceration {elec, rN+
                  | Str+4 Dex+3}.
 15607 | Lair:5   | 15607 ||| SWAPPING to +4 vampiric broad axe.
 15738 | Lair:5   | 15738 ||| READING scroll of enchant armour.
 15738 | Lair:5   | 15738 ||| ENCHANTING +1 helmet.
 15897 | Lair:5   | Noticed a dire elephant
 15897 | Lair:5   | Noticed a dire elephant
 15898 | Lair:5   | Noticed a dire elephant
 15964 | Lair:5   | Reached skill level 3 in Throwing
 16016 | Lair:5   | 16016 ||| INVOKING Heroism.
 16028 | Lair:5   | HP: 18/84 [dire elephant (19)]
 16029 | Lair:5   | 16029 ||| READING 3 scrolls of teleportation.
 16029 | Lair:5   | Mangled by a dire elephant

Levels and vault maps discovered:
D:1:      dpeg_arrival_renting, layout_loops_corners,
          shapermc_ecumenical_altar_starsandcircs
D:2:      layout_basic, eino_curves_02, minmay_misc_feat_four_crosses,
          minmay_tetromino_t4, uniq_terence
D:3:      layout_rooms, nicolae_overflow_hidden_temple,
          nicolae_vehumet_altar_sigil, minmay_between, uniq_ijyb
D:4:      layout_cave_pools, mainiacjoe_overflow_two_lobes, uniq_natasha,
          uniq_robin
D:5:      layout_basic
D:6:      layout_loops_corners, hex_medium
D:7:      layout_basic, minitemple, minmay_temple_entry_drinking_statues,
          enter_ossuary_2
D:8:      layout_rooms, mainiacjoe_overflow_24_doors, marbit_many_paths,
          overflow_temple_1_default, uniq_maggie, uniq_erica
D:9:      layout_roguey, eat_drink_and_be_merry_uskayaw, david_lair_shrubbed,
          glass_columns_b, kennysheep_donut, grunt_ministairs_4,
          evilmike_minifort
Lair:1:   dreamdust_cave_troll, layout_chaotic_city, enter_volcano_4
Lair:2:   layout_cave_pods, minmay_snake_entry_guardpost_medium
Lair:3:   layout_hall_layers, elwin_shoals_entry_stream, lemuel_fruit_fields,
          grunt_megastairs_3
Lair:4:   layout_cave_pods, gammafunk_ghost_arena, nicolae_lair_lindhole,
          grunt_megastairs_2
Lair:5:   due_jungle_book, layout_gridlike, slime_entry_1, lemuel_fruit_fields,
          infiniplex_staircase_pool

Skill      XL: |  1  2  3  4  5  6  7  8  9 10 11 12 13 |
---------------+----------------------------------------+-----
Axes           | 2 3 4 5 6 7 8 10 11 12 13 14 | 14.6
Fighting       | 4 5 6 7 8 9 10 11 | 11.0
Throwing       | 1 2 3 |  3.4
Dodging        | 1 2 3 |  3.0
Invocations    | 1 4 7 10 | 10.0
Armour         | 4 5 8 9 10 | 10.5
Shields        | 4 5 6 7 |  7.0

Action                     |  1- 3 |  4- 6 |  7- 9 | 10-12 | 13-15 || total
---------------------------+-------+-------+-------+-------+-------++-------
  Melee: War axe           |    97 |   202 |   253 |       |       ||   552
         Broad axe         |       |       |    22 |   389 |   244 ||   655
         Flail             |       |       |       |    14 |    19 ||    33
  Throw: Javelin           |       |    13 |    62 |       |    14 ||    89
         Boomerang         |       |       |    10 |    23 |    18 ||    51
 Invoke: Heroism           |       |       |    10 |    29 |    12 ||    51
         Finesse           |       |       |       |     3 |     3 ||     6
    Use: Scroll            |     3 |     6 |     8 |     4 |     6 ||    27
         Potion            |       |     7 |     4 |       |     2 ||    13
 Armour: Scale mail        |    53 |    70 |       |       |       ||   123
         Chain mail        |       |    45 |   125 |       |       ||   170
         Plate armour      |       |       |       |   222 |   164 ||   386
  Dodge: Dodged            |    41 |   116 |    66 |    97 |    92 ||   412
  Block: Buckler           |    17 |    63 |   110 |    95 |    56 ||   341
         Reflection        |       |       |     1 |       |       ||     1

Table legend:
 A = Non-vault XP
 B = Vault XP
 C = Vault XP percentage of total XP
 D = Non-vault monster count
 E = Vault monster count
 F = Vault count percentage of total count
                 A         B        C        D         E       F
            +---------+---------+-------+---------+---------+-------
      Total |   43215 |   10341 |  19.3 |     275 |      73 |  21.0
            +---------+---------+-------+---------+---------+-------
        D:1 |      26 |       0 |   0.0 |      15 |       0 |   0.0
        D:2 |      91 |      39 |  30.0 |      20 |       4 |  16.7
        D:3 |     108 |      46 |  29.9 |      26 |       6 |  18.8
        D:4 |     178 |      73 |  29.1 |      16 |      12 |  42.9
        D:5 |     512 |       0 |   0.0 |      15 |       0 |   0.0
        D:6 |     431 |       0 |   0.0 |      17 |       0 |   0.0
        D:7 |     686 |       0 |   0.0 |      20 |       0 |   0.0
        D:8 |    1442 |    1321 |  47.8 |      24 |       3 |  11.1
        D:9 |    2549 |    1305 |  33.9 |      20 |       8 |  28.6
     Lair:1 |    4770 |       0 |   0.0 |      19 |       0 |   0.0
     Lair:2 |    2387 |     624 |  20.7 |       8 |       4 |  33.3
     Lair:3 |    8166 |    3256 |  28.5 |      25 |       8 |  24.2
     Lair:4 |    9604 |    1993 |  17.2 |      23 |       4 |  14.8
     Lair:5 |   12265 |    1664 |  11.9 |      27 |       4 |  12.9
    Ossuary |       0 |      20 | 100.0 |       0 |      20 | 100.0
            +---------+---------+-------+---------+---------+-------
